 Dungeon Crawl Stone Soup version 0.17.1-2-g5865329 (webtiles) character file.

1728 Origami the Skirmisher (level 8, -8/71 HPs)
             Began as a White Draconian Berserker on Feb 11, 2016.
             Was an Elder of Trog.
             Killed from afar by an orc wizard (13 damage)
             ... with a wand of fire
             ... on level 6 of the Dungeon.
             The game lasted 00:26:22 (6803 turns).

Origami the Skirmisher (White Draconian Berserker)  Turns: 6803, Time: 00:26:22

Health: -8/71      AC:  7    Str: 22    XL:     8   Next: 76%
Magic:  8/8        EV: 12    Int:  8    God:    Trog [****..]
Gold:   248        SH: 10    Dex: 10    Spells: 0 memorised, 7 levels left

rFire  . . .     SeeInvis .     a - +0 spear
rCold  + . .     Clarity  .     (armour unavailable)
rNeg   . . .     SustAt   +     f - +0 shield
rPois  .         Gourm    .     (helmet restricted)
rElec  .         Spirit   .     (no cloak)
rCorr  .         Warding  .     k - +0 pair of gloves
rMut   .         Stasis   .     (no boots)
MR     .....                    (no amulet)
Stlth  +.........               (no ring)
                                l - ring of sustain attributes

@: not resistant to hostile enchantments, very unstealthy
A: breathe frost, unfitting armour, cold resistance 1, cold-blooded, AC +6
a: Breathe Frost, Berserk, Trog's Hand, Brothers in Arms, Burn Spellbooks,
Renounce Religion


You were on level 6 of the Dungeon.
You worshipped Trog.
Trog was greatly pleased with you.
You were not hungry.

You visited 1 branch of the dungeon, and saw 6 of its levels.

You collected 248 gold pieces.

Inventory:

Hand Weapons
 a - a +0 spear (weapon)
 n - a +0 halberd
Armour
 f - a +0 shield (worn)
 k - a +0 pair of gloves (worn)
Jewellery
 i - an uncursed ring of invisibility
 l - a ring of sustain attributes (left hand)
Wands
 o - a wand of lightning (8)
Scrolls
 c - a scroll of remove curse
 d - a scroll of recharging
 e - a scroll of immolation
 g - 2 scrolls of identify
 p - a scroll of magic mapping {unknown}
 s - a scroll of fear
Potions
 m - a potion of agility
Comestibles
 b - a bread ration
 h - a fruit
 j - 2 meat rations
 q - 9 chunks of flesh


   Skills:
 * Level 6.6 Fighting
 * Level 6.3 Polearms
 + Level 6.3 Dodging
 * Level 5.1 Shields


You had 7 spell levels left.
You didn't know any spells.

Dungeon Overview and Level Annotations

Branches:
Dungeon (6/15)             Temple (0/1) D:5

Altars:
Trog

Shops:
D:5 ?%*(


Innate Abilities, Weirdness & Mutations

You can breathe waves of freezing cold.
You can buffet flying creatures when you breathe cold.
Your icy white scales are hard (AC +6).
Your body does not fit into most forms of armour.
Your flesh is cold resistant.
You are cold-blooded and may be slowed by cold attacks.


Message History

Pain shoots through your body!
The orc warrior throws a stone.
You block the stone.
Some of the chunks of flesh in your inventory have rotted away.
Items here: ( )))) [ รท
Things that are here:
a throwing net; 2 silver javelins The orc priest miscasts a cantrip.
The orc wizard casts a spell.
The orc wizard blinks!
The orc priest miscasts a cantrip.
The orc wizard zaps a wand.
The bolt of fire hits you!
* * * LOW HITPOINT WARNING * * *
It is a wand of fire.
The orc wizard zaps a wand.
The bolt of fire hits you!
* * * LOW HITPOINT WARNING * * *
The orc priest looks braver for a moment.
The orc wizard casts a spell.
The orc wizard blinks!
The orc wizard zaps a wand.
The bolt of fire hits you!
You die...

.....................#..# #
.....................#..# +
.....................#..# #
.....................#..#
.................#####..#
####..............# #.##
..##..............## #.#
..##[)!............# #.# #.
......).....o...@..# #.# #.#
....)).).##........# #.# #.#
........###........###.# #.#
.....)..#...>.......##.# #.#
.....)..#...#....##.##.# #.#
........#...#....##..#.######.###
......###...#........#.#.(.......
.....o.............#...#.####.##.
........######.....#...#.......#.


You could see an orc wizard.

Vanquished Creatures
  The ghost of Clownie the Caller, an amateur HESu (D:4)
  An ice beast (D:6)
  A black bear (D:6)
  An orc warrior (D:6)
  A sky beast (D:5)
  A necrophage (D:6)
  An ogre (D:5)
  A giant frog (D:5)
  The ghost of Clownie the Caller, an amateur HESu of Sif Muna (D:3)
  A big kobold (D:6)
  A scorpion (D:5)
  A crimson imp (D:6)
  A centaur zombie (D:5)
  A giant frog skeleton (D:4)
  A jelly (D:5)
  Ijyb (D:3)
  2 iguanas (D:5)
  2 orc priests (D:4)
  A gnoll shaman (D:6)
  3 orc wizards (D:4)
  2 hounds
  5 worker ants
  A killer bee zombie (D:6)
  2 adders (D:5)
  13 gnolls (D:6)
  3 oozes
  4 worms
  An adder skeleton (D:6)
  5 giant geckos
  16 orcs
  A ball python (D:2)
  10 bats
  2 giant cockroaches
  8 hobgoblins
  6 jackals
  A quokka (D:4)
  A giant gecko skeleton (D:4)
  A giant gecko zombie (D:6)
  4 giant newts
  8 goblins
  16 kobolds
  10 rats
144 creatures vanquished.

Notes
Turn   | Place    | Note
--------------------------------------------------------------
     0 | D:1      | Origami the Draconian Berserker began the quest for the Orb.
     0 | D:1      | Reached XP level 1. HP: 19/19 MP: 1/1
   164 | D:1      | Reached XP level 2. HP: 26/26 MP: 2/2
   779 | D:1      | Reached ** piety under Trog
   952 | D:1      | Reached XP level 3. HP: 33/33 MP: 3/3
  1492 | D:2      | Noticed a moth of wrath
  1494 | D:2      | Found a bloodstained altar of Trog.
  1594 | D:2      | You fall through a shaft for 2 floors!
  1608 | D:4      | Reached XP level 4. HP: 23/40 MP: 4/4
  1784 | D:4      | Found Viuv's Magic Scroll Boutique.
  1817 | D:4      | Reached skill level 4 in Fighting
  1817 | D:4      | Reached skill level 1 in Shields
  2032 | D:4      | Reached *** piety under Trog
  2130 | D:4      | Noticed Clownie's ghost (amateur HESu)
  2161 | D:4      | Killed Clownie's ghost
  2161 | D:4      | Reached XP level 5. HP: 47/47 MP: 5/5
  2331 | D:4      | Reached XP level 6. HP: 43/53 MP: 6/6
  3024 | D:4      | Reached skill level 5 in Fighting
  3421 | D:3      | Noticed Clownie's ghost (amateur HESu)
  3433 | D:3      | Killed Clownie's ghost
  3433 | D:3      | Reached skill level 5 in Polearms
  3433 | D:3      | Your scales start taking on an icy white colour.
  3433 | D:3      | Gained mutation: Your flesh is cold resistant. [White Draconian growth]
  3433 | D:3      | Reached XP level 7. HP: 61/61 MP: 7/7
  3646 | D:3      | Noticed Ijyb
  3680 | D:3      | Killed Ijyb
  4965 | D:5      | Entered Level 5 of the Dungeon
  5005 | D:5      | Found Ushong's Antique Weapon Boutique.
  5037 | D:5      | Found Acaemor's Food Emporium.
  5056 | D:5      | Found Kaytt's Magic Scroll Emporium.
  5120 | D:5      | Reached skill level 5 in Dodging
  5337 | D:5      | Found a staircase to the Ecumenical Temple.
  5787 | D:5      | Found Ruppup's Distillery.
  5922 | D:5      | Found Goronn's General Store.
  5957 | D:5      | Reached XP level 8. HP: 47/70 MP: 8/8
  6178 | D:6      | Reached **** piety under Trog
  6308 | D:6      | Reached skill level 6 in Fighting
  6708 | D:6      | Reached skill level 5 in Shields
  6710 | D:6      | Received a gift from Trog
  6792 | D:6      | HP: 3/71 [orc wizard/wand of fire (14)]
  6803 | D:6      | Killed from afar by an orc wizard

Action                   |  1- 3 |  4- 6 |  7- 9 || total
-------------------------+-------+-------+-------++-------
Melee: Spear             |   187 |   182 |   452 ||   821
Invok: Berserk           |       |     5 |     2 ||     7
       Trog's Hand       |       |     3 |     1 ||     4
       Burn Spellbooks   |       |       |     1 ||     1
 Abil: Breathe Frost     |       |       |     2 ||     2
  Use: Scroll            |     2 |     7 |       ||     9
       Potion            |     2 |       |     8 ||    10
 Stab: Sleeping          |     1 |     1 |     4 ||     6
  Eat: Chunk             |     3 |    10 |    11 ||    24
       Bread ration      |       |       |     1 ||     1
